Arrhythmia, neutral female human Tourist # # -------- ---|---- ------+- -------- -------- -------- |......| |......| |......| #.>.....| |......| |......| |......| |......| |......| ###|......| |......| |......| |......| |......| |......| # |.......####|......-####|......| |..`....####|......-# |......-## |......| #-......| #-......| |......| #.....(.|####.......| |......| |......| |......| ----|-+- --|----- --+----- --.----- -+-|-|-- ---.---- ## # ## # # # # # ### # # # # # # #### ## # ## ---|---- ------|- -------- ---|---- -----|-- ------|- |......| |.......## |......| |......| |......| |......| |......| |......| # |......| |......| |......| |......| |......| |......| ###|......| |......| |......| |......| |......| |..`...| #-.<....| |.......####.......| |..@...| |......| |......| |......| |......| |......| |......| -------- ------+- -------- -------- -------- -------- # Arrhythmia the Sightseer Experience level: 5 Strength: 11 Dexterity: 13 Constitution: 18 Intelligence: 12 Wisdom: 7 Charisma: 14 Health: 45(45) Energy: 17(17) AC: 3 Gold: 1083 Moves: 1857 Your Inventory: Coins $ - 1083 gold pieces Weapons a - 30 uncursed +2 darts (in quiver) v - a cursed rusty [+0] crude dagger [orcish] (weapon in hand) x - an [uncursed +0] broad pick [dwarvish mattock] Armor j - an uncursed +0 Hawaiian shirt (being worn) o - an [uncursed] +0 pair of buckled boots [water walking] (being worn) u - an [uncursed] +0 scale mail (being worn) y - an [uncursed] +0 small shield (being worn) B - an [uncursed] +0 iron skull cap [orcish helm] (being worn) Comestibles b - 5 uncursed tripe rations c - 3 uncursed [stale] eggs d - 2 uncursed food rations e - an uncursed Hot Futa Mare Dick F - an [uncursed] lembas wafer G - an [uncursed] lichen corpse Scrolls h - an uncursed scroll of magic mapping i - a blessed scroll of magic mapping z - a [blessed] scroll labeled KERNOD WEL [of confuse monster] Potions g - 3 uncursed potions of extra healing s - an [uncursed] puce potion [of sleeping] D - an [uncursed] ochre potion [of confusion] Wands t - an [uncursed] bone wand [of probing (0:6)] Tools k - an uncursed expensive camera (0:34) l - an uncursed credit card n - an [uncursed] key [skeleton key] p - an [uncursed] lock pick Gems r - an [uncursed] red gem [worthless glass] Spells known in the end: Name Level Category Fail Memory Your skills at the end: Fighting Skills Weapon Skills dart [Basic / Expert] Spellcasting Skills Final Attributes: You were devoutly aligned. Hunger level was 348. Your alignment was 18 / 19. Monster difficulty range was 0 - 3. Level difficulty was 1. You could walk on water. Your luck was zero. You survived. Vanquished creatures: a floating eye a kitten 2 rothes 3 iguanas a gas spore a hobbit a large kobold 2 cave spiders a gnome zombie 2 geckos 3 jackals a kobold 3 goblins 3 grid bugs 2 bats 6 lichens a kobold zombie 2 newts 36 creatures vanquished. Voluntary challenges: You were an atheist. You used a wielded weapon 21 times. You read items or engraved 4 times. You put on armor 8 times. You never genocided any monsters. You never polymorphed an object. You never changed form. You used no wishes. You wrote Elbereth's name 1 time. You never encountered a bones level. You never used any Sokoban shortcuts. Dungeon overview: The Dungeons of Doom: levels 1 to 4 Level 1 <- You were here a long staircase History has recorded: On T:1 you entered the Dungeons of Doom to retrieve the Amulet of Yendor! On T:551 you reached level 2 of The Dungeons of Doom. On T:630 you advanced to experience level 2. On T:973 you reached level 3 of The Dungeons of Doom. On T:1027 you advanced to experience level 3. On T:1196 you advanced to experience level 4. On T:1379 you reached level 4 of The Dungeons of Doom. On T:1595 you advanced to experience level 5. Latest messages: [HP+1=37] a - 2 uncursed +2 darts (in quiver). Done exploring. Where do you want to travel to? [HP+1=38] [HP+1=39] [HP+1=40] Where do you want to travel to? [HP+1=41] [HP+1=42] [HP+1=43] [HP+1=44] [HP+1=45] Your crude dagger gets wet. Your crude dagger gets wet. The fountain dries up! Final status: Aloha Arrhythmia the Tourist... You quit in The Dungeons of Doom on dungeon level 1 with 1253 points, and 1083 pieces of gold, after 1857 moves. You were level 5 with a maximum of 45 hit points when you quit.